 Dungeon Crawl Stone Soup version 0.30-a0-354-g6b83867211 (webtiles) character file.

Game seed: 11325401341555845079

18602 greasedhog the Fighter (level 12, 0/138 (140) HPs)
             Began as an Ogre Fighter on Nov 7, 2022.
             Was a High Priest of Okawaru.
             Killed by divine providence
             ... invoked by an orc priest
              (13 damage)
             ... while paralysed by an orc sorcerer
             ... on level 1 of the Orcish Mines on Nov 8, 2022.
             The game lasted 00:20:34 (9947 turns).

greasedhog the Fighter (Ogre Fighter)               Turns: 9947, Time: 00:20:36

HP:   0/138 (140)   AC: 10    Str: 27    XL:     12   Next: 60%
MP:   16/17         EV:  1    Int:  9    God:    Okawaru [*****.]
Gold: 427           SH:  0    Dex:  8    Spells: 11/11 levels left

rFire   . . .      SeeInvis .    b - +0 giant spiked club
rCold   . . .      Faith    .    (shield currently unavailable)
rNeg    + . .      Spirit   .    d - +0 troll leather armour {Pargi}
rPois   .          Reflect  .    (helmet restricted)
rElec   .          Harm     .    F - +2 cloak {Stlth+}
rCorr   +          Rampage  .    (gloves unavailable)
Will    +....                    (boots unavailable)
Stlth   +++.......               u - amulet "Tekhlugg" {rN+ Regen+}
HPRegen 2.03/turn                e - ring of resist corrosion
MPRegen 0.15/turn                h - +4 ring of evasion

@: paralysed, lethally poisoned (0 -> -6), heroic, lightly drained
A: large, unfitting armour, tough skin 1, passive freeze
a: Renounce Religion, Heroism, Finesse, Duel


You were on level 1 of the Orcish Mines.
You worshipped Okawaru.
Okawaru was extremely pleased with you.
You visited 3 branches of the dungeon, and saw 14 of its levels.
You also visited: Sewer.

You collected 762 gold pieces.
You spent 335 gold pieces at shops.

Inventory:

Hand Weapons
 b - a +0 giant spiked club (weapon)
Missiles
 o - 2 curare-tipped darts (quivered)
 B - 2 throwing nets
Armour
 d - a +0 troll leather armour (worn) {Pargi}
 C - a +1 robe of willpower
 F - a +2 cloak of stealth (worn)
Jewellery
 a - a ring of positive energy
 e - a ring of resist corrosion (left hand)
 h - a +4 ring of evasion (right hand)
 t - a +4 ring of slaying
 u - the amulet "Tekhlugg" (around neck) {rN+ Regen+}
   (You found it on level 3 of the Dungeon)

   [amulet of regeneration]

   rN:        It protects you from negative energy.
   Regen:     It increases your rate of health regeneration.
 N - a +6 ring of strength
 O - a +6 ring of intelligence
Wands
 v - a wand of acid (15)
 x - a wand of mindburst (5)
 G - a wand of paralysis (13)
 H - a wand of polymorph (6)
 I - a wand of roots (2)
 L - a wand of flame (7)
Scrolls
 c - a scroll of poison
 i - 10 scrolls of teleportation
 k - 2 scrolls of magic mapping
 l - 2 scrolls of enchant weapon
 n - 2 scrolls of amnesia
 p - 2 scrolls of fear
 w - a scroll of immolation
 y - 2 scrolls of blinking
 D - 2 scrolls of silence
 E - 3 scrolls of enchant armour
 M - a scroll of brand weapon
Potions
 f - a potion of berserk rage
 g - 2 potions of mutation
 j - 3 potions of heal wounds
 m - 4 potions of ambrosia
 q - 5 potions of cancellation
 r - 4 potions of haste
 s - 4 potions of invisibility
 z - 2 potions of flight
 A - a potion of brilliance {unknown}
 J - 3 potions of curing
Miscellaneous
 K - a lightning rod (4/4)


   Skills:
 * Level 14.9(19.9) Fighting
 * Level 10.5(15.5) Maces & Flails
 - Level 5.0(10.0) Armour
 * Level 9.1(14.1) Dodging
 - Level 3.0(8.0) Shields
 + Level 7.3 Invocations


You had 11 spell levels left.
You didn't know any spells.
Your spell library contained the following spells:

 Spells                   Type           Power      Damage    Failure   Level
 Foxfire                  Conj/Fire      0%         2x1d4     41%         1
 Slow                     Hex            0%         N/A       41%         1
 Ensorcelled Hibernation  Hex/Ice        0%         N/A       56%         2
 Confusing Touch          Hex            0%         N/A       80%         3
 Gell's Gravitas          Tloc           0%         N/A       80%         3
 Hailstorm                Conj/Ice       0%         3d3       80%         3
 Lesser Beckoning         Tloc           0%         N/A       80%         3
 Portal Projectile        Hex/Tloc       0%         N/A       80%         3
 Spider Form              Tmut/Pois      0%         N/A       80%         3
 Teleport Other           Tloc           0%         N/A       80%         3
 Vampiric Draining        Necr           0%         2d6       80%         3
 Anguish                  Hex/Necr       0%         N/A       99%         4
 Ice Form                 Ice/Tmut       0%         N/A       99%         4
 Blade Hands              Tmut           0%         N/A       100%        5
 Fireball                 Conj/Fire      0%         3d3       100%        5
 Iron Shot                Conj/Erth      0%         9d1       100%        6
 Starburst                Conj/Fire      0%         6d3       100%        6
 Tukima's Dance           Hex            Unusable   N/A       N/A         3
 Animate Armour           Summ/Erth      Unusable   N/A       N/A         4
 Simulacrum               Ice/Necr       Unusable   N/A       N/A         6

Dungeon Overview and Level Annotations

Branches:
Dungeon (12/15)            Temple (1/1) D:6            Lair (0/5) D:11
    Orc (1/2) D:12          Sewer (visited)

Altars:
Ashenzari
Cheibriados
Dithmenos
Elyvilon
Fedhas
Gozag
Hepliaklqana
Kikubaaqudgha
Makhleb
Nemelex Xobeh
Okawaru
Ru
Sif Muna
Trog
Uskayaw
Vehumet
Wu Jian
Xom
Yredelemnul
Zin
The Shining One
Lugonu

Shops:
D:1 [   D:4 ?   D:5 :   D:7 ?[   D:9 !


Innate Abilities, Weirdness & Mutations

You are too large for most types of armour.
You have tough skin. (AC +1)
A frigid envelope surrounds you and freezes all who hurt you.


Message History

The orc sorcerer hits you but does no damage.
The orc sorcerer is very cold.
The orc sorcerer is heavily wounded.
The orange demon closely misses you.
You closely miss the orc sorcerer.
The orc sorcerer is heavily wounded.
The orc priest closely misses you. Something hits you but does no damage.
Okawaru accepts your kill.
Reactivating autopickup.
You feel a bit more experienced.
The orc warrior hits you with a +0 short sword.
The orc warrior is very cold.
The orc warrior is heavily wounded.
The orc warrior hits you from afar with a +0 trident.
The orc sorcerer gestures at you while chanting.
The bolt of negative energy misses you. The ogre barely misses you.
The orange demon stings you from afar.
You sock the orc sorcerer!
The orc sorcerer is almost dead.
The orc warrior hits you with a +0 short sword!
The orc warrior barely misses you.
The orc sorcerer points at you and mumbles some strange words.
You suddenly lose the ability to move!
The orange demon stings you from afar.
* * * LOW HITPOINT WARNING * * *
You are poisoned.
The orange demon poisons you!
You feel very sick. The ogre hits you with a +0 giant club!
* * * LOW HITPOINT WARNING * * *
The ogre is very cold.
The ogre is heavily wounded.
The orc priest invokes the aid of Beogh against you.
You resist with significant effort.
The orc warrior hits you with a +0 short sword.
* * * LOW HITPOINT WARNING * * *
The orc warrior is very cold.
The orc warrior is severely wounded.
The orc priest invokes the aid of Beogh against you.
Beogh smites you!
You die...

#.....................#
##..#....##........#.##
###................#.
#........>..........
##.#..............#.
#####......$.......
#............#..
##......oO....#
#......o@..o..#
##.....)o)......
##......4o.....
#...............
..$..............
.#...............
#....#...........
##.##.........$..


You could see an orange demon (summoned), an orc sorcerer, 2 orc warriors, an
ogre and 2 orc priests.

Vanquished Creatures
  Fannar (D:11)
  4 two-headed ogres
  A sixfirhy (D:8)
  A wizard (D:12)
  An ugly thing (D:12)
  2 cyclopes
  3 oklob plants (D:11)
  A manticore (D:11)
  An unseen horror (D:10)
  2 kobold demonologists (D:12)
  A komodo dragon (D:12)
  A polar bear (D:7)
  5 trolls
  A hornet (D:9)
  Prince Ribbit (D:8)
  6 slime creatures
  2 shadows (D:12)
  An unseen horror simulacrum (D:8)
  2 wraiths
  A basilisk (D:12)
  10 yaks
  A steam dragon (D:7)
  Menkaure (D:4)
  2 acid dragons
  A water moccasin (D:6)
  2 ice beasts
  Pargi (Sewer)
  2 sky beasts (D:7)
  6 orc warriors
  3 black bears
  4 ogres
  A wolf (D:8)
  3 centaurs
  6 kobold brigands
  5 bullfrogs
  3 gnoll sergeants
  2 scorpions
  9 wights (D:7)
  6 killer bees (D:11)
  3 electric eels
  3 howler monkeys
  3 jellies
  5 orc priests
  Crazy Yiuf (D:7)
  10 iguanas
  Jessica (D:2)
  Natasha (D:2)
  13 orc wizards
  Terence (D:2)
  13 gnolls
  12 adders
  3 shadow imps
  5 white imps
  A howler monkey simulacrum (D:8)
  An ufetubus (D:7)
  4 worms
  2 dart slugs
  43 orcs
  4 ball pythons
  6 bats
  12 endoplasms
  6 giant cockroaches
  5 goblins
  4 hobgoblins
  4 jackals (D:1)
  32 kobolds
  7 quokkas
  6 frilled lizards
  7 rats
324 creatures vanquished.

Vanquished Creatures (others)
  An orc wizard (D:5)
  A kobold (D:8)
  8 plants (D:11)
10 creatures vanquished.

Grand Total: 334 creatures vanquished

Notes
Turn   | Place    | Note
-------+----------+-------------------------------------------
     0 | D:1      | greasedhog the Ogre Fighter began the quest for the Orb.
     0 | D:1      | Reached XP level 1. HP: 24/24 MP: 1/1
     7 | D:1      | Found Rujygiut's Antique Armour Emporium.
   118 | D:1      | Found a faded altar of an unknown god.
   179 | D:1      | Reached XP level 2. HP: 30/32 MP: 2/2
   517 | D:1      | Reached XP level 3. HP: 40/40 MP: 3/3
  1322 | D:2      | Noticed Natasha
  1334 | D:2      | Killed Natasha
  1335 | D:2      | Reached skill level 5 in Fighting
  1335 | D:2      | Reached XP level 4. HP: 27/50 MP: 4/4
  1484 | D:2      | Noticed Terence
  1506 | D:2      | Killed Terence
  1508 | D:2      | HP: 1/50 [worm (7)]
  1747 | D:2      | Reached XP level 5. HP: 57/57 MP: 5/5
  1965 | D:2      | Noticed Jessica
  1972 | D:2      | Killed Jessica
  2444 | D:3      | Found a glowing drain.
  2453 | Sewer    | Entered a sewer
  2558 | Sewer    | Noticed Pargi
  2566 | Sewer    | Killed Pargi
  2567 | Sewer    | Reached skill level 6 in Fighting
  2567 | Sewer    | Reached XP level 6. HP: 51/67 MP: 6/6
  2733 | D:3      | Noticed a black bear
  2746 | D:3      | Killed a black bear
  2975 | D:3      | Identified the amulet "Tekhlugg" {rN+ Regen+}
  3229 | D:3      | Found a hide-covered altar of Uskayaw.
  3456 | D:4      | Noticed Menkaure
  3466 | D:4      | Gained mutation: A frigid envelope surrounds you and
                  | freezes all who hurt you. [potion of mutation]
  3582 | D:4      | Found Vojogh's Magic Scroll Emporium.
  3590 | D:4      | Bought a scroll of blinking for 82 gold pieces
  3590 | D:4      | Noticed a black bear
  3601 | D:4      | Killed a black bear
  3602 | D:4      | Reached XP level 7. HP: 74/76 MP: 7/7
  3681 | D:4      | Found a white marble altar of Elyvilon.
  3705 | D:4      | Found a shimmering blue altar of Sif Muna.
  3789 | D:4      | Killed Menkaure
  3790 | D:4      | Reached skill level 7 in Fighting
  3790 | D:4      | Reached skill level 5 in Dodging
  4115 | D:4      | Found a shadowy altar of Dithmenos.
  4115 | D:4      | Found a hazy altar of Hepliaklqana.
  4118 | D:4      | Noticed a shadow
  4242 | D:5      | Entered Level 5 of the Dungeon
  4301 | D:5      | Reached skill level 1 in Armour
  4301 | D:5      | Reached XP level 8. HP: 88/88 MP: 8/8
  4355 | D:5      | Reached skill level 5 in Maces & Flails
  4456 | D:5      | Reached skill level 8 in Fighting
  4867 | D:5      | Found Pilascha's Book Emporium.
  5052 | D:6      | Found a staircase to the Ecumenical Temple.
  5094 | Temple   | Entered the Ecumenical Temple
  5114 | Temple   | Became a worshipper of Warmaster Okawaru
  5246 | D:6      | Reached skill level 9 in Fighting
  5248 | D:6      | Found a sparkling altar of Nemelex Xobeh.
  5264 | D:6      | Found a glowing golden altar of the Shining One.
  5281 | D:6      | Reached skill level 1 in Invocations
  5286 | D:6      | Found an opulent altar of Gozag.
  5296 | D:6      | Found a snail-covered altar of Cheibriados.
  5340 | D:6      | Reached XP level 9. HP: 98/98 MP: 8/10
  5437 | D:6      | Reached * piety under Okawaru
  5833 | D:6      | Upgraded the game from 0.30-a0-347-gf58ed5266c to
                  | 0.30-a0-354-g6b83867211
  5912 | D:7      | Found Nantem's Magic Scroll Boutique.
  5918 | D:7      | Bought a scroll of identify for 22 gold pieces
  5918 | D:7      | Bought a scroll of identify for 22 gold pieces
  5918 | D:7      | Bought a scroll of enchant armour for 82 gold pieces
  5918 | D:7      | Bought a scroll of identify for 22 gold pieces
  5991 | D:7      | Reached skill level 10 in Fighting
  6065 | D:7      | Noticed a troll
  6068 | D:7      | Killed a troll
  6068 | D:7      | Reached ** piety under Okawaru
  6203 | D:7      | Found a runed translucent door.
  6204 | D:7      | Noticed Crazy Yiuf
  6209 | D:7      | Killed Crazy Yiuf
  6443 | D:7      | Found Fuyplies's Armour Boutique.
  6482 | D:7      | Reached XP level 10. HP: 104/108 MP: 12/12
  6586 | D:7      | Reached skill level 5 in Armour
  6818 | D:7      | Reached skill level 11 in Fighting
  6875 | D:7      | Reached *** piety under Okawaru
  6922 | D:8      | Found a runed translucent door.
  6923 | D:8      | Noticed a sixfirhy
  6939 | D:8      | Killed a sixfirhy
  7000 | D:8      | Noticed Prince Ribbit
  7012 | D:8      | Killed Prince Ribbit
  7012 | D:8      | Reached **** piety under Okawaru
  7165 | D:8      | Found an ancient bone altar of Kikubaaqudgha.
  7175 | D:8      | Reached skill level 12 in Fighting
  7279 | D:8      | HP: 3/115 [acid dragon/splash of acid (9)]
  7371 | D:8      | Reached skill level 5 in Invocations
  7614 | D:9      | Found Gafidaha's Distillery.
  7622 | D:9      | Reached XP level 11. HP: 117/123 MP: 14/14
  7627 | D:9      | Bought a potion of degeneration for 15 gold pieces
  7627 | D:9      | Bought a potion of curing for 45 gold pieces
  7627 | D:9      | Bought a potion of curing for 45 gold pieces
  7707 | D:9      | Noticed a two-headed ogre
  7728 | D:9      | Killed a two-headed ogre
  7845 | D:9      | Noticed a two-headed ogre
  7849 | D:9      | Killed a two-headed ogre
  7889 | D:9      | Found a radiant altar of Vehumet.
  8039 | D:9      | Reached ***** piety under Okawaru
  8124 | D:10     | Entered Level 10 of the Dungeon
  8225 | D:10     | Received a gift from Okawaru
  8236 | D:10     | Reached skill level 13 in Fighting
  8390 | D:10     | Found a basalt altar of Yredelemnul.
  8397 | D:10     | Found a blossoming altar of Fedhas.
  8536 | D:11     | Noticed a two-headed ogre
  8547 | D:11     | Killed a two-headed ogre
  8641 | D:11     | Noticed a manticore
  8653 | D:11     | Killed a manticore
  8816 | D:11     | Noticed an oklob plant
  8817 | D:11     | Noticed a cyclops
  8838 | D:11     | Killed a cyclops
  8846 | D:11     | Found a staircase to the Lair.
  8846 | D:11     | Noticed an oklob plant
  8851 | D:11     | Noticed an oklob plant
  8859 | D:11     | Killed an oklob plant
  8864 | D:11     | Killed an oklob plant
  8901 | D:11     | Killed an oklob plant
  8986 | D:11     | Noticed Fannar
  9005 | D:11     | Killed Fannar
  9006 | D:11     | Reached XP level 12. HP: 54/137 MP: 16/16
  9010 | D:11     | Reached skill level 14 in Fighting
  9233 | D:12     | Reached skill level 10 in Maces & Flails
  9380 | D:12     | Found a staircase to the Orcish Mines.
  9461 | D:12     | Identified the +1 robe of Huqes {Rampage rElec MP+9 Str-5}
                  | (Okawaru gifted it to you on level 12 of the Dungeon)
  9461 | D:12     | Received a gift from Okawaru
  9570 | D:12     | Reached ****** piety under Okawaru
  9717 | D:12     | Noticed a two-headed ogre
  9726 | D:12     | Killed a two-headed ogre
  9901 | Orc:1    | Entered Level 1 of the Orcish Mines
  9946 | Orc:1    | Paralysed by an orc sorcerer for 2 turns
  9947 | Orc:1    | Killed from afar by an orc priest

Illustrated notes

Levels and vault maps discovered:
D:1:      lightli_molten_gateway, layout_loops_ring, serial_shops,
          nicolae_shop_crystal, chequers_ecumenical_altar_island,
          minmay_close_crescents
D:2:      layout_basic, uniq_terence, uniq_jessica, uniq_natasha
D:3:      layout_basic, mainiacjoe_overflow_paths, cheibrodos_sewer_entry_drain
D:4:      layout_loops_cross, riverfiend_overflow_shadow_ancestor,
          mainiacjoe_overflow_large_starburst, serial_shops, nicolae_shop_trees,
          uniq_menkaure
D:5:      layout_loops_ring, serial_shops, nicolae_shop_statue_plus,
          minmay_door_square, minmay_fractal_squares_gapless_5
D:6:      layout_loops_ring, mainiacjoe_overflow_alcove_2,
          mainiacjoe_overflow_catch_the_wave, nemelex_dance_club_becter,
          minmay_temple_entry_glass
D:7:      layout_loops_ring, serial_shops, nicolae_shop_hallway_plus, shop,
          serial_bayou_pond_b, uniq_crazy_yiuf_cottage
D:8:      cheibrodos_shockbox, layout_cave_pools, kiku_gazebo_pond_becter,
          serial_ice, serial_ice_f, serial_ice_a, serial_ice_n, serial_ice_m,
          serial_ice_l, amcnicky_mini_pool_medium, uniq_prince_ribbit1
D:9:      layout_rooms, mainiacjoe_overflow_concentric_impassable, serial_shops,
          nicolae_shop_trees
D:10:     layout_roguey, mainiacjoe_overflow_big_doors, st_stairs_14
D:11:     layout_basic, dpeg_oklobed_lair, uniq_fannar
D:12:     layout_rooms, minmay_orc_entry_temple_small
Temple:   corrupted_temple
Orc:1:    layout_caves, basic_altar, serial_shops, shop_statue

Skill      XL: |  1  2  3  4  5  6  7  8  9 10 11 12 |
---------------+-------------------------------------+-----
Maces & Flails | 2 3 4 6 7 8 9 10 | 10.5
Dodging        | 3 4 5 6 8 9 |  9.1
Fighting       | 5 6 7 9 10 12 13 14 | 14.9
Armour         | 1 3 4 5 |  5.0
Invocations    | 1 3 5 6 7 |  7.3
Shields        | |  3.0

Action                   |  1- 3 |  4- 6 |  7- 9 | 10-12 || total
-------------------------+-------+-------+-------+-------++-------
Melee: Flail             |    83 |       |       |       ||    83
       Whip              |    34 |   171 |    57 |       ||   262
       Giant spiked club |       |       |   188 |   378 ||   566
Throw: Dart              |       |       |     1 |       ||     1
Invok: Heroism           |       |       |     2 |     8 ||    10
Evoke: Wand              |       |       |       |     3 ||     3
  Use: Scroll            |     2 |       |    11 |     7 ||    20
       Potion            |       |     2 |       |     1 ||     3
 Stab: Sleeping          |       |     1 |       |       ||     1
Armor: Robe              |    32 |    22 |       |       ||    54
       Troll leather arm |       |    18 |    62 |   182 ||   262
Dodge: Dodged            |    49 |    82 |   143 |   423 ||   697
Block: Kite shield       |    45 |    60 |    18 |       ||   123

Table legend: (Time is in decaauts)
 A = Elapsed time spent in this place.
 B = Non-inter-level travel time spent in this place.
 C = Inter-level travel time spent in this place.
 D = Time resting spent in this place.
 E = Time spent auto-exploring this place.
 F = Levels seen in this place.
 G = Mean time per level.
                   A        B        C        D        E       F      G
               +--------+--------+--------+--------+--------+-----+--------+
         Total |  10291 |   9862 |    429 |    612 |   6823 |  15 |  686.1 |
       Dungeon |   9905 |   9488 |    417 |    556 |   6634 |  12 |  825.4 |
        Temple |     33 |     21 |     12 |      0 |     11 |   1 |   33.0 |
  Orcish Mines |     47 |     47 |      0 |      0 |     26 |   1 |   47.0 |
         Sewer |    306 |    306 |      0 |     56 |    151 |   1 |  306.0 |
               +--------+--------+--------+--------+--------+-----+--------+

Top non-repeatable levels by time:
     D:2: 1365 daAuts
     D:7: 1093 daAuts
     D:1: 1018 daAuts
     D:3: 912 daAuts
     D:5: 845 daAuts
     D:6: 792 daAuts
    D:11: 752 daAuts
     D:4: 738 daAuts
     D:8: 723 daAuts
    D:12: 664 daAuts
     D:9: 568 daAuts
    D:10: 429 daAuts
   Sewer: 306 daAuts
   Orc:1: 47 daAuts
  Temple: 33 daAuts
